 Dungeon Crawl Stone Soup version 0.16.1-12-gf5c4a84 (webtiles) character file.

5785 KarvaRausku the Archer (level 10, -3/88 HPs)
             Began as a Centaur Hunter on Apr 11, 2015.
             Was a Priest of Okawaru.
             Slain by a killer bee (4 damage)
             ... on level 10 of the Dungeon.
             The game lasted 00:51:16 (13813 turns).

KarvaRausku the Archer (Centaur Hunter)            Turns: 13813, Time: 00:51:20

Health: -3/88      AC:  7    Str: 14      XL:     10   Next: 50%
Magic:  7/7        EV: 12    Int: 10      God:    Okawaru [***...]
Gold:   528        SH:  0    Dex: 12 (14) Spells: 0 memorised, 9 levels left

rFire  . . .     SeeInvis .     a - +3 halberd (venom)
rCold  + . .     Clarity  .     Q - +1 leather armour {rC+}
rNeg   . . .     SustAb   .     (no shield)
rPois  .         Gourm    .     (no helmet)
rElec  .         Spirit   .     G - +0 cloak
rCorr  .         Warding  .     q - +0 pair of gloves
rMut   .         Stasis   .     (no barding)
MR     .....                    (no amulet)
Stlth  +.........               (no ring)
                                U - ring of teleport control

@: lethally poisoned (-3 -> -15), very quick, not resistant to hostile
enchantments, very unstealthy
A: hooves 3, deformed body, speed 2, tough skin 3
a: Heroism, Renounce Religion, Evoke Teleport Control


You were on level 10 of the Dungeon.
You worshipped Okawaru.
Okawaru was most pleased with you.
You were not hungry.

You visited 2 branches of the dungeon, and saw 11 of its levels.

You collected 528 gold pieces.

Inventory:

Hand weapons
 a - a +3 halberd of venom (weapon)
 b - a +2 shortbow
 i - a +0 short sword
 r - a +0 short sword
 C - a +0 quarterstaff
 D - a +0 shortbow
 L - the +2 hand axe of Qipere {freeze, Str+2}
   (You found it on level 7 of the Dungeon)

   It has been specially enchanted to freeze those struck by it, causing extra
   injury to most foes and up to half again as much damage against particularly
   susceptible opponents.
   It can also slow down cold-blooded creatures.
   It affects your strength (+2).
 S - the cursed +0 dagger of the Valley {pierce, +Inv rPois rC-}
   (You found it on level 8 of the Dungeon)

   It inflicts extra damage upon your enemies.
   It makes you vulnerable to cold.
   It protects you from poison.
   It lets you turn invisible.
   It has a curse placed upon it.
Missiles
 c - 3 arrows
 s - 3 arrows of flame
 E - an arrow of frost
Armour
 d - a +0 leather armour
 p - a +0 pair of gloves
 q - a +0 pair of gloves (worn)
 B - a +0 leather armour
 G - a +0 cloak (worn)
 H - a +0 leather armour
 O - a +1 naga barding of stealth
 P - a +0 scale mail
 Q - a +1 leather armour of cold resistance (worn)
Jewellery
 T - an uncursed ring of see invisible {unknown}
 U - a ring of teleport control (left hand)
Magical devices
 y - a wand of magic darts (26)
 N - a wand of slowing (11)
 Y - a wand of teleportation (3)
Scrolls
 j - a scroll of fog {unknown}
 k - 2 scrolls of enchant weapon
 l - 10 scrolls of identify
 m - a scroll of magic mapping {unknown}
 w - 2 scrolls of remove curse
 A - a scroll of summoning {unknown}
 K - a scroll of enchant armour {unknown}
 R - a scroll of blinking {unknown}
 V - a scroll of teleportation {unknown}
Potions
 e - a potion of brilliance {unknown}
 g - a potion of flight {unknown}
 h - a potion of curing
 u - 4 potions of resistance {unknown}
 v - 3 potions of agility {unknown}
 z - 2 potions of heal wounds {unknown}
 F - a potion of might
 J - a potion of cure mutation {unknown}
 W - a potion of magic {unknown}
Books
 x - a Necronomicon {highlevel, unknown}

   This book is beyond your current level of understanding.

   Spells                             Type                      Level
   a - Haunt                          Necromancy/Summoning         7
   b - Borgnjor's Revivification      Necromancy                   8
   c - Death's Door                   Charms/Necromancy            8
   d - Necromutation                  Transmutation/Necromancy     8
 I - a book of the Earth

   Spells                             Type                      Level
   a - Leda's Liquefaction            Hexes/Earth                  4
   b - Bolt of Magma                  Conjuration/Fire/Earth       5
   c - Statue Form                    Transmutation/Earth          6
   d - Iron Shot                      Conjuration/Earth            6
   e - Shatter                        Earth                        9
Comestibles
 f - 4 bread rations
 n - 5 beef jerkies
 t - 7 meat rations


   Skills:
 + Level 7.8 Fighting
 + Level 3.6(4.5) Polearms
 - Level 4.0(4.7) Staves
 * Level 13.3 Bows
 + Level 6.0 Dodging
 - Level 0.5 Stealth


You had 9 spell levels left.
You didn't know any spells.

Dungeon Overview and Level Annotations

Branches:
Dungeon (10/15)            Temple (1/1) D:6            Lair (0/8) D:9
    Orc (0/4) D:9

Altars:
Ashenzari
Cheibriados
Dithmenos
Elyvilon
Fedhas
Gozag
Kikubaaqudgha
Makhleb
Nemelex Xobeh
Okawaru
Qazlal
Ru
Sif Muna
Trog
Vehumet
Xom
Yredelemnul
Zin
The Shining One

Shops:
D:6 (

Annotations:
D:2 Sigmund
D:6 lorenzova's ghost, experienced SpEn


Innate Abilities, Weirdness & Mutations

You have hooves in place of feet.
Armour fits poorly on your strangely shaped body.
You cover ground very quickly.
You have extremely tough skin (AC +3).


Message History

Read which item? (? for menu, Esc to quit)
As you read the scroll labeled ZEESIOZXESEWK, it crumbles to dust.
It is a scroll of brand weapon.
Brand which weapon? (? for menu, Esc to quit)
Your +3 halberd drips with poison.
a - a +3 halberd of venom (weapon)
You feel sick. The killer bee misses you. The killer bee stings you.
* * * LOW HITPOINT WARNING * * *
You are more poisoned.
The killer bee poisons you! The killer bee completely misses you.
The killer bee stings you but does no damage.
The killer bee barely misses you.
Read which item? (? for menu, Esc to quit)
As you read the scroll labeled ILUAMO QACE, it crumbles to dust.
You feel forgetful for a moment.
It was a scroll of amnesia.
You feel sick. The killer bee stings you.
* * * LOW HITPOINT WARNING * * *
You are more poisoned.
The killer bee poisons you! The killer bee stings you.
You die...

............#######
#......(.........#
#$....(##........#
#......##........#
#..o..(##........#
#...5..##........#
###......##........#######
....>...y##.((..(.((.....#
.....##.y@...............#
.... #.y#...............#
##. #..#...............#
#..#...............#
#..#...........<...#
#..#................
#..#................
#..#................ .
................


You could see 3 killer bees, a shadow imp and an orc.

Vanquished Creatures
  A troll (D:7)
  2 deep elf magi (D:9)
  4 yaks (D:9)
  Eustachio (D:5)
  2 wyverns
  6 orc warriors
  2 ice beasts
  A sky beast (D:9)
  A black bear (D:10)
  4 ogres
  4 centaurs
  2 crocodiles (D:8)
  Duvessa (D:4)
  6 giant frogs
  3 scorpions
  A killer bee (D:10)
  10 wights
  A goliath beetle (D:5)
  Dowan (D:4)
  A crimson imp (D:5)
  2 quasits
  7 orc priests
  A giant frog skeleton (D:6)
  8 orc wizards
  3 hounds
  A centaur skeleton (D:7)
  4 iguanas
  10 worker ants
  A killer bee zombie (D:9)
  A hound skeleton (D:9)
  A mummy (D:9)
  A worker ant zombie (D:9)
  10 adders
  5 gnolls
  4 shadow imps
  3 worms
  An ufetubus (D:5)
  An orc zombie (D:5)
  An adder zombie (D:5)
  An adder skeleton (D:6)
  8 giant geckos
  2 oozes
  31 orcs
  2 ball pythons
  A bat skeleton (D:6)
  5 giant cockroaches
  8 goblins
  10 hobgoblins
  7 jackals
  12 kobolds
  10 quokkas
  7 bats
  A giant gecko skeleton (D:8)
  4 giant newts
  A jackal zombie (D:5)
  A quokka zombie (D:7)
  21 rats
251 creatures vanquished.

Notes
Turn   | Place    | Note
--------------------------------------------------------------
     0 | D:1      | KarvaRausku, the Centaur Hunter, began the quest for the Orb.
     0 | D:1      | Reached XP level 1. HP: 17/17 MP: 1/1
   127 | D:1      | Reached XP level 2. HP: 24/24 MP: 2/2
   232 | D:1      | Reached skill level 6 in Bows
   995 | D:2      | Noticed Sigmund
  1632 | D:2      | Reached XP level 3. HP: 29/29 MP: 3/3
  1636 | D:2      | Found a sacrificial altar of Ru.
  1932 | D:3      | Found a shattered altar of Ashenzari.
  1936 | D:3      | Found an ancient bone altar of Kikubaaqudgha.
  1936 | D:3      | Found a radiant altar of Vehumet.
  1936 | D:3      | Found a blossoming altar of Fedhas.
  2175 | D:3      | Reached skill level 7 in Bows
  2223 | D:3      | Found a basalt altar of Yredelemnul.
  2225 | D:3      | Noticed a profane servitor
  2293 | D:3      | Found a glowing golden altar of the Shining One.
  2294 | D:3      | Noticed an angel
  2797 | D:3      | Reached XP level 4. HP: 17/36 MP: 3/3
  3380 | D:4      | Reached skill level 1 in Staves
  3380 | D:4      | Reached XP level 5. HP: 39/41 MP: 4/4
  3485 | D:4      | Reached skill level 8 in Bows
  3625 | D:4      | Paralysed by a gnoll for 7 turns
  3649 | D:4      | HP: 2/42 [poisoned by a gnoll]
  3921 | D:4      | Found a shimmering altar of Xom.
  4011 | D:4      | Reached XP level 6. HP: 40/51 MP: 5/5
  4096 | D:4      | Noticed Dowan
  4097 | D:4      | Noticed Duvessa
  4149 | D:4      | Killed Duvessa
  4149 | D:4      | Reached XP level 7. HP: 48/57 MP: 5/5
  4203 | D:4      | Killed Dowan
  4376 | D:5      | Entered Level 5 of the Dungeon
  4376 | D:5      | Found a blossoming altar of Fedhas.
  4886 | D:5      | Reached skill level 9 in Bows
  5004 | D:5      | Noticed Eustachio
  5047 | D:5      | Killed Eustachio
  5232 | D:5      | Reached XP level 8. HP: 54/67 MP: 6/6
  5414 | D:5      | Found a white marble altar of Elyvilon.
  5414 | D:5      | Found a shimmering altar of Xom.
  5563 | D:5      | Reached skill level 5 in Fighting
  6499 | D:6      | Found Pibuwk's Antique Weapon Shoppe.
  6605 | D:6      | Found a staircase to the Ecumenical Temple.
  6624 | D:6      | Noticed lorenzova's ghost (experienced SpEn)
  6871 | D:5      | Reached skill level 10 in Bows
  7448 | Temple   | Entered the Ecumenical Temple
  7483 | Temple   | Became a worshipper of Warmaster Okawaru
  7874 | D:6      | Noticed a troll
  8480 | D:7      | Found a snail-covered altar of Cheibriados.
  8486 | D:7      | Got a polished hand axe
  8487 | D:7      | Identified the cursed +2 hand axe of Qipere {freeze, Str+2} (You found it on level 7 of the Dungeon)
  8623 | D:7      | Found a glowing silver altar of Zin.
  8745 | D:7      | Reached XP level 9. HP: 75/75 MP: 7/7
  8751 | D:7      | Acquired Okawaru's first power
  9106 | D:8      | Found a sparkling altar of Nemelex Xobeh.
  9527 | D:8      | Reached skill level 11 in Bows
  9757 | D:8      | Got a pitted dagger
 10146 | D:9      | Found a staircase to the Orcish Mines.
 10234 | D:8      | Reached skill level 5 in Dodging
 10346 | D:8      | Identified the +0 dagger of the Valley {pierce, +Inv rPois rC-} (You found it on level 8 of the Dungeon)
 10514 | D:9      | HP: 3/78 [orc warrior/mace (15)]
 10792 | D:9      | Reached skill level 1 in Polearms
 10803 | D:9      | Reached skill level 12 in Bows
 11056 | D:9      | Found a staircase to the Lair.
 11539 | D:9      | Reached XP level 10. HP: 38/86 MP: 7/7
 12391 | D:9      | Reached skill level 13 in Bows
 13065 | D:7      | Killed a troll
 13633 | D:10     | Entered Level 10 of the Dungeon
 13813 | D:10     | HP: 1/88 [killer bee (6)]
 13813 | D:10     | Slain by a killer bee

Action                   |  1- 3 |  4- 6 |  7- 9 | 10-12 || total
-------------------------+-------+-------+-------+-------++-------
Melee: Short sword       |    53 |     5 |     5 |       ||    63
       Quarterstaff      |       |       |   243 |       ||   243
       Shortbow          |       |       |     6 |       ||     6
       Halberd           |       |       |    83 |   126 ||   209
 Fire: Shortbow          |   117 |   180 |   429 |   118 ||   844
Invok: Heroism           |       |       |       |     1 ||     1
 Abil: Evoke Teleport Co |       |       |     1 |       ||     1
  Use: Potion            |       |     1 |       |     1 ||     2
       Scroll            |       |       |     4 |     3 ||     7
  Eat: Chunk             |     3 |     3 |    17 |     8 ||    31
       Royal jelly       |       |       |     1 |       ||     1
